 Dungeon Crawl Stone Soup version 0.29-a0-892-g2c4c91d9db (webtiles) character file.

Game seed: 5819216493961390007

100 ZappyNine the Trooper (level 4, -3/39 HPs)
             Began as a Barachi Fighter on July 22, 2022.
             Killed from afar by Sigmund (6 damage)
             ... with a magic dart
             ... on level 3 of the Dungeon.
             The game lasted 00:02:38 (1625 turns).

ZappyNine the Trooper (Barachi Fighter)             Turns: 1625, Time: 00:02:39

Health: -3/39      AC:  8    Str: 20    XL:     4   Next: 73%
Magic:  4/4        EV:  9    Int:  8    God:
Gold:   108        SH:  4    Dex: 11    Spells: 3/3 levels left

rFire   . . .      SeeInvis .   a - +0 long sword
rCold   . . .      Faith    .   c - +0 buckler
rNeg    . . .      Spirit   .   b - +0 scale mail
rPois   .          Reflect  .   (no helmet)
rElec   .          Harm     .   (no cloak)
rCorr   .          Rampage  .   (no gloves)
Will    .....                   q - +0 pair of boots
Stlth   ..........              (no amulet)
HPRegen 0.13/turn               (no ring)
MPRegen 0.09/turn               (no ring)

@: slow
A: amphibious, slowness 1, strong legs 1, +LOS
a: Hop


You were on level 3 of the Dungeon.
You visited 1 branch of the dungeon, and saw 3 of its levels.

You collected 108 gold pieces.

Inventory:

Hand Weapons
 a - a +0 long sword (weapon)
Armour
 b - a +0 scale mail (worn)
 c - a +0 buckler (worn)
 q - a +0 pair of boots (worn)
Jewellery
 p - a ring of protection from cold
Scrolls
 f - 3 scrolls of identify {unknown}
 g - 2 scrolls of teleportation {unknown}
 i - a scroll of enchant armour {unknown}
 j - a scroll of acquirement {unknown}
 l - a scroll of butterflies {unknown}
Potions
 d - a potion of might
 e - a potion of resistance {unknown}
 h - a potion of lignification {unknown}
 k - a potion of berserk rage {unknown}
 m - a potion of attraction
 o - a potion of curing {unknown}
 r - a potion of cancellation {unknown}


   Skills:
 + Level 5.2 Fighting
 + Level 4.4 Long Blades
 - Level 3.6 Armour
 - Level 3.2 Shields


You had 3 spell levels left.
You didn't know any spells.
Your spell library contained the following spells:

 Spells                   Type           Power      Damage    Failure   Level
 Gell's Gravitas          Tloc           0%         N/A       99%         3
 Teleport Other           Tloc           0%         N/A       99%         3
 Dispersal                Tloc           0%         N/A       100%        6


Dungeon Overview and Level Annotations

Branches:
Dungeon (3/15)

Altars:

Annotations:
D:3 Sigmund


Innate Abilities, Weirdness & Mutations

You are amphibious.
You cover ground slowly.
You can hop short distances.
You have an extended range of vision and can be seen from far away.


Message History

Something hits you!
You hear some strange, mumbled words.
Something tries to affect you, but you resist.
You slash something! Something hits you.
You miss something. You closely miss something. Something hits you!
You miss something.
You hear a zap.
A puff of flame appears from out of thin air!
The puff of flame hits you.
You miss something.
You hear a zap.
A puff of flame appears from out of thin air!
You block the puff of flame. Something hits you but does no damage.
You completely miss something. You barely miss something.
You hear some strange, mumbled words.
You are confused.
Something hits you!
* * * LOW HITPOINT WARNING * * *
You closely miss something.
You bump into the rock wall.
Something hits you but does no damage.
You hear a zap.
A puff of flame appears from out of thin air!
The puff of flame hits you.
* * * LOW HITPOINT WARNING * * *
Something hits you.
* * * LOW HITPOINT WARNING * * *
You bump into the rock wall.
You feel less confused. Something hits you.
* * * LOW HITPOINT WARNING * * *
You closely miss something. You miss something.
Something hits you but does no damage.
You miss something. Something hits you but does no damage.
You barely miss something.
You hear some strange, mumbled words.
A magic dart appears from out of thin air!
The magic dart hits you.
You die...

###.##########
#......{@....#
############.#
## #.# ..
#.###########.
#.........#...
#########.#..)
#.###. #.....
#####.


There were no monsters in sight!

Vanquished Creatures
  A scorpion (D:2)
  An adder (D:2)
  2 worms (D:2)
  2 dart slugs (D:2)
  3 bats
  4 endoplasms
  2 goblins
  2 quokkas (D:1)
  3 ball pythons
  2 frilled lizards (D:2)
  3 kobolds
  A rat (D:2)
26 creatures vanquished.

Notes
Turn   | Place    | Note
-------+----------+-------------------------------------------
     0 | D:1      | ZappyNine the Barachi Fighter began the quest for the Orb.
     0 | D:1      | Reached XP level 1. HP: 18/18 MP: 1/1
   521 | D:1      | Reached XP level 2. HP: 25/25 MP: 2/2
   552 | D:1      | Reached skill level 4 in Fighting
   639 | D:2      | Found a faded altar of an unknown god.
   854 | D:2      | Reached XP level 3. HP: 30/31 MP: 3/3
  1352 | D:2      | Noticed a scorpion
  1364 | D:2      | HP: 1/31 [poisoned by a scorpion]
  1366 | D:2      | Killed a scorpion
  1367 | D:2      | Reached skill level 5 in Fighting
  1367 | D:2      | Reached XP level 4. HP: 29/39 MP: 4/4
  1605 | D:3      | Noticed Sigmund
  1625 | D:3      | Killed from afar by Sigmund

Illustrated notes

Levels and vault maps discovered:
D:1:      lemuel_arrival_hallway, layout_basic
D:2:      layout_basic, nicolae_ecumenical_pavilion, minmay_pentomino_q4,
          uniq_crazy_yiuf_cottage
D:3:      layout_basic, uniq_sigmund, uniq_natasha

Skill      XL: |  1  2  3 |
---------------+----------+-----
Fighting       | 4 5 |  5.2
Long Blades    | 3 4 |  4.4
Armour         | |  3.6
Shields        | |  3.2

Action                   |  1- 3 |  4- 6 || total
-------------------------+-------+-------++-------
Melee: Long sword        |    75 |    18 ||    93
  Use: Potion            |     3 |       ||     3
Armor: Scale mail        |    39 |     9 ||    48
Dodge: Dodged            |    35 |     2 ||    37
Block: Buckler           |    20 |     3 ||    23

Table legend: (Time is in decaauts)
 A = Elapsed time spent in this place.
 B = Non-inter-level travel time spent in this place.
 C = Inter-level travel time spent in this place.
 D = Time resting spent in this place.
 E = Time spent auto-exploring this place.
 F = Levels seen in this place.
 G = Mean time per level.
                   A        B        C        D        E       F      G
               +--------+--------+--------+--------+--------+-----+--------+
         Total |   1815 |   1765 |     50 |     30 |   1485 |   3 |  605.0 |
       Dungeon |   1815 |   1765 |     50 |     30 |   1485 |   3 |  605.0 |
               +--------+--------+--------+--------+--------+-----+--------+

Top non-repeatable levels by time:
     D:2: 1021 daAuts
     D:1: 724 daAuts
     D:3: 70 daAuts
